 Dungeon Crawl Stone Soup version 0.28-a0-750-g7c675f85b1 (webtiles) character file.

Game seed: 17785515186854732299

356 bande the Covered (level 6, -10/38 HPs)
             Began as a Gargoyle Fighter on Oct 29, 2021.
             Killed from afar by Dowan (17 damage)
             ... with a shard of ice
             ... on level 4 of the Dungeon.
             The game lasted 00:04:39 (3926 turns).

bande the Covered (Gargoyle Fighter)                Turns: 3926, Time: 00:04:40

Health: -10/38     AC: 11    Str: 21    XL:     6   Next: 63%
Magic:  6/6        EV:  9    Int:  8    God:
Gold:   237        SH:  5    Dex: 10    Spells: 5/5 levels left

rFire   . . .      SeeInvis .   a - +0 war axe
rCold   . . .      Faith    .   c - +1 buckler
rNeg    + . .      Spirit   .   b - +0 scale mail
rPois   ∞          Reflect  .   (no helmet)
rElec   +          Harm     .   (no cloak)
rCorr   .          Rampage  .   (no gloves)
Will    .....                   (no boots)
Stlth   ..........              (no amulet)
HPRegen 0.12/turn               (no ring)
MPRegen 0.10/turn               (no ring)

@: mighty
A: sickness immunity, AC +4, negative energy resistance 1, electricity
resistance, torment resistance 1, petrification resistance
a: no special abilities


You were on level 4 of the Dungeon.
You visited 1 branch of the dungeon, and saw 4 of its levels.

You collected 237 gold pieces.

Inventory:

Hand Weapons
 a - a +0 war axe (weapon)
 l - a +3 flail
Armour
 b - a +0 scale mail (worn)
 c - a +1 buckler (worn)
Jewellery
 e - a ring of flight
Wands
 i - a wand of paralysis (9)
Scrolls
 g - a scroll of magic mapping
 k - a scroll of amnesia
Potions
 h - 2 potions of curing
 j - 2 potions of haste


   Skills:
 + Level 4.2 Fighting
 + Level 4.1 Axes
 + Level 4.9 Armour
 + Level 0.2 Stealth
 + Level 4.0 Shields
 * Level 1.3 Evocations


You had 5 spell levels left.
You didn't know any spells.
Your spell library contained the following spells:

 Spells                   Type           Power      Damage    Failure   Level
 Ozocubu's Armour         Ice            0%         N/A       98%         3
 Ozocubu's Refrigeration  Ice            0%         4d5       100%        7


Dungeon Overview and Level Annotations

Branches:
Dungeon (4/15)
 Temple: D:4-7

Altars:
Gozag
Makhleb

Annotations:
D:4 Dowan


Innate Abilities, Weirdness & Mutations

You are immune to sickness and miasma.
Your stone body is resilient. (AC +4)
You are immune to poison.
You resist negative energy. (rN+)
You are resistant to electric shocks. (rElec)
You are resistant to unholy torment.
You are immune to petrification.


Message History

You hit Dowan.
Dowan is severely wounded.
Dowan hits you with a +0 dagger. You block Dowan's attack.
Your scale mail prevents you from hitting Dowan.
Dowan is severely wounded.
Dowan hits you but does no damage.
Dowan casts a spell.
Dowan blinks!
Dowan gestures wildly while chanting.
Dowan blinks!
You closely miss Dowan.
Dowan is severely wounded.
Dowan closely misses you. Dowan barely misses you.
You closely miss Dowan.
Dowan is severely wounded.
Dowan points at you and mumbles some strange words.
The shard of ice misses you.
Dowan casts a spell.
Dowan blinks!
Dowan gestures at you while chanting. The stone arrow hits you!
Dowan gestures at you while chanting. The stone arrow hits you!
You see here a potion of might.
Dowan mumbles some strange words.
Dowan blinks!
You are too injured to fight recklessly!
You are too injured to fight recklessly!
You are too injured to fight recklessly!
You are too injured to fight recklessly!
You are too injured to fight recklessly!
You are too injured to fight recklessly!
You are too injured to fight recklessly!
You are too injured to fight recklessly!
Dowan points at you and mumbles some strange words.
The stone arrow hits you!
* * * LOW HITPOINT WARNING * * *
Dowan gestures at you while chanting. The shard of ice hits you!
You die...

#.## #..#####..
#.# ##...#####
#########)###
###......
##.....#.....##
##.....
#.............##
#.....
...............#
##....
.........e.)...#
#(...
.......!§......#
#....
.........@.....#
#....
...............#
#....
#.............##
#....
##.....#.....##
#....
#############
#####


You could see Dowan (fast).

Vanquished Creatures
  Duvessa (D:4)
  A hound (D:4)
  2 orc wizards
  Natasha (thrice) (D:3)
  A hound skeleton (D:4)
  A gnoll (D:1)
  2 worms
  9 orcs
  2 bats
  9 endoplasms
  2 giant cockroaches (D:1)
  5 goblins
  8 hobgoblins
  6 kobolds
  2 quokkas
  3 ball pythons
  3 frilled lizards
  4 rats
64 creatures vanquished.

Vanquished Creatures (others)
  A plant (D:1)
1 creature vanquished.

Grand Total: 65 creatures vanquished

Notes
Turn   | Place    | Note
-------+----------+-------------------------------------------
     0 | D:1      | bande the Gargoyle Fighter began the quest for the Orb.
     0 | D:1      | Reached XP level 1. HP: 14/14 MP: 1/1
   131 | D:1      | Reached XP level 2. HP: 19/19 MP: 2/2
   264 | D:1      | Found a faded altar of an unknown god.
   312 | D:1      | Reached XP level 3. HP: 8/23 MP: 3/3
  1726 | D:2      | Found a burning altar of Makhleb.
  1993 | D:3      | Noticed Natasha
  1999 | D:3      | Killed Natasha
  2000 | D:3      | Reached XP level 4. HP: 19/29 MP: 4/4
  2231 | D:3      | Noticed Natasha
  2242 | D:3      | Killed Natasha
  2399 | D:3      | Noticed Natasha
  2410 | D:3      | Killed Natasha
  2411 | D:3      | Reached XP level 5. HP: 22/33 MP: 5/5
  2959 | D:4      | Found an opulent altar of Gozag.
  3450 | D:4      | Reached XP level 6. HP: 14/38 MP: 6/6
  3775 | D:4      | Found an opulent altar of Gozag.
  3883 | D:4      | Noticed Duvessa
  3885 | D:4      | Noticed Dowan
  3900 | D:4      | Killed Duvessa
  3901 | D:4      | Reached skill level 1 in Evocations
  3926 | D:4      | Killed from afar by Dowan

Illustrated notes

Levels and vault maps discovered:
D:1:      lemuel_arrival_tunnels, layout_basic,
          shapermc_ecumenical_altar_notcrosses, corner_web_ring,
          nrook_mini_vaults, serial_bayou_pond_a
D:2:      layout_loops_ring, basic_altar, minmay_quantized
D:3:      layout_rooms, uniq_natasha
D:4:      layout_rooms, nicolae_gozag_conspicuous_consumption,
          minmay_misc_feat_doors, uniq_duvessa

Skill      XL: |  1  2  3  4  5  6 |
---------------+-------------------+-----
Axes           | 2 3 4 |  4.1
Armour         | 4 |  4.9
Fighting       | 4 |  4.2
Shields        | 4 |  4.0
Evocations     | 1 |  1.3
Stealth        | |  0.2

Action                   |  1- 3 |  4- 6 || total
-------------------------+-------+-------++-------
Melee: War axe           |   111 |   119 ||   230
  Use: Scroll            |     6 |     2 ||     8
       Potion            |       |     3 ||     3
Armor: Scale mail        |    64 |    76 ||   140
Dodge: Dodged            |    48 |    58 ||   106
Block: Buckler           |    26 |    35 ||    61

Table legend: (Time is in decaauts)
 A = Elapsed time spent in this place.
 B = Non-inter-level travel time spent in this place.
 C = Inter-level travel time spent in this place.
 D = Time resting spent in this place.
 E = Time spent auto-exploring this place.
 F = Levels seen in this place.
 G = Mean time per level.
                   A        B        C        D        E       F      G
               +--------+--------+--------+--------+--------+-----+--------+
         Total |   4022 |   3985 |     37 |    902 |   2457 |   4 | 1005.5 |
       Dungeon |   4022 |   3985 |     37 |    902 |   2457 |   4 | 1005.5 |
               +--------+--------+--------+--------+--------+-----+--------+

Top non-repeatable levels by time:
     D:1: 1170 daAuts
     D:3: 1163 daAuts
     D:2: 951 daAuts
     D:4: 737 daAuts
